Map: Ascension to Aiur LE

Players

Potatoss

  • Race: Protoss Protoss
  • League: Master
  • Spawn Location: 11:00

sAviOr - Winner!

  • Race: Zerg Zerg
  • League: Master
  • Spawn Location: 5:00

VOD

Have the link to the VOD?

Description

Time

  • Played on: Aug. 4, 2017, 9:51 a.m.
  • Length: 18:15
Show
View Real Time Build Order
Export as new Build Order

Potatoss Protoss 

Build Orders: 1 Gate Expand, Oracle Opening 

Get SALT Encoding   

  12  0:00  Probe (Chrono Boost)  
  13  0:11  Probe (Chrono Boost)  
  14  0:18  Pylon  
  14  0:22  Probe (Chrono Boost)  
  15  0:36  Probe (Chrono Boost)  
  15  0:38  Gateway  
  16  0:46  Probe (Chrono Boost)  
  16  0:48  Assimilator  
  18  0:57  Probe (Chrono Boost)  
  18  1:07  Probe (Chrono Boost)  
  19  1:23  Nexus  
  19  1:26  Probe (Chrono Boost)  
  20  1:36  Cybernetics Core  
  21  1:40  Probe (Chrono Boost)  
  21  1:45  Assimilator  
  21  1:50  Probe (Chrono Boost)  
  22  1:57  Pylon  
  22  2:01  Probe (Chrono Boost)  
  23  2:15  Probe (Chrono Boost), Stargate  
  26  2:24  Zealot  
  26  2:25  Probe (Chrono Boost)  
  27  2:35  Mothership Core (Chrono Boost)  
  27  2:36  Probe (Chrono Boost)  
  30  2:47  Probe (Chrono Boost)  
  30  2:51  Gateway  
  31  2:53  Probe (Chrono Boost)  
  31  2:57  Probe (Chrono Boost)  
  33  2:59  Oracle (Chrono Boost)  
  33  3:02  Probe  
  37  3:09  Probe, Warp Gate  
  38  3:13  Probe  
  38  3:16  Pylon  
  39  3:20  Adept  
  39  3:21  Probe  
  39  3:23  Probe  
  43  3:33  Probe  
  44  3:41  Probe  
  44  3:42  Oracle (Chrono Boost)  
  48  3:54  Nexus, Probe  
  48  3:56  Probe  
  48  3:57  Pylon  
  50  4:05  Probe  
  50  4:08  Probe  
  52  4:12  Pylon  
  52  4:16  Assimilator, Probe  
  52  4:18  Assimilator  
  52  4:20  Probe (Chrono Boost)  
  54  4:27  Probe (Chrono Boost)  
  55  4:33  Probe (Chrono Boost)  
  55  4:34  Stargate  
  56  4:38  Probe (Chrono Boost)  
  56  4:40  Stargate  
  56  4:44  Probe (Chrono Boost)  
  58  4:47  Forge  
  58  4:49  Probe (Chrono Boost)  
  59  4:53  Assimilator  
  59  4:55  Probe (Chrono Boost)  
  59  4:59  Probe (Chrono Boost)  
  61  5:00  Assimilator  
  61  5:04  Fleet Beacon  
  61  5:05  Probe (Chrono Boost)  
  62  5:08  Probe (Chrono Boost)  
  62  5:10  Probe (Chrono Boost)  
  64  5:16  Probe (Chrono Boost)  
  64  5:18  Probe (Chrono Boost)  
  64  5:21  Probe (Chrono Boost)  
  67  5:26  Probe (Chrono Boost)  
  68  5:29  Probe (Chrono Boost)  
  68  5:30  Pylon  
  68  5:32  Probe (Chrono Boost), Pylon  
  70  5:37  Pylon  
  70  5:48  Carrier x2 (Chrono Boost)  
  82  5:50  Probe  
  82  5:51  Probe  
  82  5:56  Probe  
  85  5:59  Carrier (Chrono Boost)  
  85  6:02  Probe  
  85  6:03  Probe  
  90  6:08  Probe  
  90  6:10  Pylon  
  91  6:14  Probe  
  91  6:16  Probe  
  99  6:20  Protoss Air Weapons Level 1 (Chrono Boost)  
  99  6:32  Graviton Catapult  
  99  6:33  Probe  
  99  6:35  Probe  
  99  6:37  Pylon  
  99  6:39  Pylon  
  101  6:48  Nexus  
  101  6:49  Pylon  
  100  6:56  Carrier (Chrono Boost), Probe  
  101  7:04  Carrier (Chrono Boost)  
  113  7:11  Void Ray (Chrono Boost)  
  117  7:15  Probe  
  117  7:16  Probe  
  119  7:24  Photon Cannon  
  119  7:39  Probe x2  
  121  7:46  Void Ray  
  121  7:51  Nexus  
  121  7:55  Pylon  
  121  7:57  Pylon  
  125  8:01  Photon Cannon  
  125  8:05  Zealot  
  125  8:11  Photon Cannon  
  125  8:12  Void Ray  
  125  8:15  Photon Cannon  
  129  8:21  Stargate  
  129  8:22  Stargate  
  129  8:28  Probe, Protoss Air Weapons Level 2 (Chrono Boost)  
  129  8:29  Assimilator, Probe  
  129  8:31  Carrier  
  129  8:33  Assimilator  
  137  8:36  Probe  
  138  8:43  Carrier, Photon Cannon  
  138  8:44  Probe  
  138  8:46  Photon Cannon  
  139  8:52  Pylon  
  139  8:54  Photon Cannon  
  132  8:56  Probe x3, Photon Cannon  
  132  8:57  Photon Cannon  
  132  8:58  Photon Cannon  
  132  8:59  Carrier  
  133  9:03  Probe  
  133  9:08  Probe x3  
  137  9:13  Probe  
  144  9:20  Probe  
  144  9:21  Probe x2  
  144  9:24  Probe  
  147  9:27  Carrier  
  154  9:33  Probe x2  
  156  9:41  Carrier  
  156  9:42  Probe  
  163  9:47  Pylon x2  
  163  9:50  Pylon  
  163  10:03  Nexus  
  163  10:05  Pylon  
  163  10:08  Pylon  
  163  10:09  Carrier  
  163  10:10  Pylon  
  163  10:13  Protoss Shields Level 1  
  169  10:15  Probe  
  170  10:24  Photon Cannon  
  170  10:25  Photon Cannon  
  170  10:26  Photon Cannon  
  168  10:38  Zealot  
  165  11:04  Carrier x2  
  165  11:16  Probe x3  
  180  11:39  Nexus  
  180  11:40  Pylon  
  180  11:43  Pylon  
  180  11:48  Pylon  
  180  11:50  Twilight Council  
  180  11:52  Robotics Facility  
  180  11:56  Probe  
  180  11:57  Oracle x2  
  180  11:58  Probe  
  180  12:00  Carrier  
  194  12:05  Photon Cannon x2  
  194  12:07  Photon Cannon  
  194  12:08  Photon Cannon  
  194  12:09  Photon Cannon  
  194  12:20  Probe  
  195  12:25  Assimilator  
  195  12:26  Pylon  
  195  12:28  Nexus  
  195  12:29  Assimilator, Sentry, Probe, Pylon  
  198  12:32  Pylon  
  198  12:41  Observer  
  199  12:44  Protoss Shields Level 2  
  199  12:46  Void Ray  
  199  12:48  Probe, Protoss Air Weapons Level 3 (Chrono Boost), Void Ray  
  199  12:51  Templar Archives  
  199  12:52  Void Ray  
  199  13:03  Observer  
  198  13:11  Void Ray  
  199  13:17  Gateway  
  199  13:19  Gateway  
  199  13:20  Gateway  
  199  13:22  Gateway  
  199  13:26  Gateway  
  199  13:34  Blink  
  199  13:38  High Templar  
  198  13:54  High Templar  
  200  14:16  Assimilator  
  200  14:17  Assimilator  
  200  14:18  Pylon  
  200  14:21  Pylon  
  180  14:54  Pylon  
  180  14:55  Pylon  
  180  14:59  Pylon  
  180  15:00  Pylon  
  180  15:01  Pylon  
  180  15:02  Pylon  
  180  15:03  Photon Cannon, Pylon  
  180  15:04  Protoss Air Armor Level 1 (Chrono Boost)  
  180  15:07  Assimilator  
  180  15:28  Protoss Shields Level 3  
  180  15:49  Nexus  
  180  15:52  Probe  
  181  15:59  Nexus, Pylon  
  181  16:02  Pylon  
  178  16:05  Templar Archives  
  177  16:11  Photon Cannon  
  177  16:12  Photon Cannon  
  177  16:13  Photon Cannon  
  177  16:15  Photon Cannon  
  175  16:29  Psionic Storm  
  175  16:44  High Templar x4  
  183  16:52  Photon Cannon  
  183  16:54  Photon Cannon  
  183  16:55  Probe  
  183  16:56  Photon Cannon x2  
  183  16:57  Photon Cannon  
  184  17:04  Probe  
  193  17:38  Cybernetics Core x2  
  193  17:41  Probe  
  186  17:56  Probe  
  187  17:59  Probe  
  187  18:01  Photon Cannon  
  187  18:04  Photon Cannon  
Show
View Real Time Build Order
Export as new Build Order

sAviOr Zerg - Winner!

Build Orders: Hatch First 

Get SALT Encoding   

  12  0:01  Drone  
  13  0:12  Overlord  
  13  0:16  Drone  
  14  0:30  Drone x2  
  14  0:34  Drone  
  17  0:50  Hatchery  
  16  0:57  Drone  
  16  0:59  Drone  
  18  1:10  Extractor  
  17  1:13  Spawning Pool  
  17  1:18  Drone  
  17  1:20  Drone  
  18  1:27  Drone  
  19  1:38  Overlord  
  19  1:51  Drone  
  20  2:00  Zergling x2, Queen  
  23  2:02  Queen  
  23  2:03  Zergling x2  
  26  2:10  Drone  
  26  2:11  Metabolic Boost  
  27  2:16  Drone  
  28  2:24  Drone x2  
  30  2:39  Hatchery  
  30  2:43  Drone  
  30  2:47  Pneumatized Carapace  
  30  2:51  Overlord  
  30  2:56  Drone  
  30  2:57  Drone  
  32  3:00  Drone  
  32  3:02  Drone  
  34  3:06  Drone  
  34  3:07  Drone  
  36  3:15  Drone x3  
  36  3:18  Drone  
  40  3:26  Drone x3  
  43  3:27  Drone  
  44  3:36  Overlord  
  44  3:43  Spore Crawler  
  44  3:45  Spore Crawler  
  44  3:46  Queen  
  44  3:50  Queen  
  44  3:55  Evolution Chamber  
  45  4:07  Drone x8  
  45  4:09  Queen  
  55  4:13  Overlord  
  55  4:15  Overlord  
  55  4:20  Extractor  
  52  4:25  Drone x5  
  52  4:29  Zerg Melee Weapons Level 1  
  57  4:35  Spore Crawler  
  57  4:37  Zergling x4  
  58  4:48  Drone x5  
  63  4:56  Lair  
  63  5:01  Drone x8  
  71  5:08  Overlord x2  
  71  5:19  Drone x3  
  71  5:20  Extractor  
  73  5:21  Extractor  
  72  5:30  Drone x9  
  72  5:31  Baneling Nest  
  80  5:48  Hatchery  
  80  5:49  Overlord  
  79  5:51  Drone x5  
  79  5:52  Extractor  
  79  5:56  Evolution Chamber  
  82  6:10  Drone x2  
  82  6:11  Drone x2  
  86  6:12  Extractor  
  86  6:14  Hydralisk Den  
  84  6:20  Overlord x4  
  84  6:24  Zergling x2  
  84  6:25  Zergling x8  
  88  6:35  Zerg Melee Weapons Level 2, Zerg Missile Weapons Level 1, Centrifical Hooks  
  88  6:39  Drone x3  
  93  6:40  Drone x2  
  93  6:46  Infestation Pit  
  92  6:50  Overlord x2  
  92  6:53  Hydralisk x6  
  104  6:57  Hatchery  
  104  6:59  Spore Crawler  
  102  7:04  Drone x4  
  102  7:05  Drone  
  102  7:17  Drone x7  
  102  7:20  Drone x2  
  111  7:23  Drone  
  111  7:24  Hatchery, Muscular Augments  
  111  7:28  Hydralisk x2  
  114  7:39  Hydralisk x4  
  114  7:40  Hydralisk x2  
  114  7:42  Burrow  
  126  7:44  Pathogen Glands  
  126  7:48  Extractor  
  126  7:49  Extractor  
  124  7:53  Drone  
  124  7:54  Drone x4  
  124  7:55  Drone  
  129  8:05  Hydralisk x4  
  134  8:15  Infestor  
  134  8:18  Drone x11  
  147  8:25  Baneling x2  
  147  8:26  Baneling x3  
  147  8:37  Infestor  
  147  8:41  Extractor, Neural Parasite, Spore Crawler  
  148  8:42  Hive, Extractor  
  148  8:45  Hydralisk x3  
  149  8:59  Infestor x2  
  152  9:10  Spore Crawler x4  
  152  9:11  Drone x8  
  156  9:17  Zerg Missile Weapons Level 2  
  156  9:18  Zerg Ground Armor Level 1  
  156  9:20  Spore Crawler x2  
  154  9:27  Zergling x4  
  154  9:28  Overlord x4  
  154  9:29  Overlord x4  
  156  9:40  Spore Crawler  
  155  9:46  Infestor x5  
  155  9:49  Zergling x24  
  155  9:50  Zergling x24  
  189  10:07  Spore Crawler  
  189  10:09  Spore Crawler  
  189  10:10  Spore Crawler  
  189  10:11  Adrenal Glands, Spore Crawler  
  189  10:12  Ultralisk Cavern  
  189  10:13  Spore Crawler x2  
  182  10:16  Spire  
  121  11:12  Hydralisk x14  
  121  11:13  Hydralisk x11  
  165  11:31  Viper x3  
  170  11:33  Corruptor x5  
  178  11:41  Zerg Flyer Armor Level 1  
  178  11:45  Zergling x2  
  178  11:46  Zergling x18  
  188  12:00  Drone x6  
  194  12:06  Hatchery, Zerg Ground Armor Level 2  
  194  12:07  Zerg Missile Weapons Level 3  
  194  12:08  Hatchery  
  191  12:25  Ultralisk x2  
  198  12:35  Spire  
  197  12:41  Baneling  
  197  12:42  Baneling x8  
  197  12:54  Extractor  
  197  12:58  Extractor  
  185  13:08  Overlord  
  185  13:09  Overlord, Overseer x2  
  185  13:10  Overseer x2  
  181  13:13  Drone x11  
  181  13:19  Corruptor x3  
  192  13:20  Corruptor  
  200  13:41  Spore Crawler x4  
  200  13:42  Spore Crawler x2  
  194  13:50  Zergling x12  
  200  14:01  Spore Crawler  
  199  14:03  Spore Crawler  
  199  14:05  Spore Crawler x2  
  199  14:06  Corruptor x2, Spore Crawler  
  199  14:17  Spore Crawler  
  199  14:18  Spore Crawler x2  
  189  14:39  Corruptor  
  189  14:40  Corruptor x4  
  198  14:45  Zergling x4  
  198  14:52  Spore Crawler  
  198  14:57  Spore Crawler  
  198  14:59  Spore Crawler x3  
  194  15:03  Spore Crawler  
  193  15:07  Zerg Flyer Armor Level 2, Zerg Flyer Weapons Level 1  
  191  15:24  Zergling x18  
  188  15:49  Corruptor  
  184  15:50  Corruptor x7  
  193  16:15  Spore Crawler  
  189  16:28  Viper x3  
  189  16:30  Ultralisk  
  193  16:49  Zergling x2, Extractor  
  193  16:50  Zergling x14  
  193  16:54  Extractor  
  200  17:01  Drone  
  200  17:03  Spore Crawler  
  200  17:05  Spore Crawler  
  185  17:32  Zergling x32  
  185  17:33  Zergling x2  
Tags
 
Add a new tag
Caveats
  • Supply blocks, unpowered buildings, or Contaminate may cause inaccurate times.
  • Supply counts are checked every 10 seconds.